 Dungeon Crawl Stone Soup version 0.29-a0-477-g62b78b4225 (webtiles) character file.

Game seed: 11900466375927868356

924 siradein the Sneak (level 8, -2/68 HPs)
             Began as a Ghoul Monk on May 25, 2022.
             Was a Believer of Makhleb.
             Slain by a gnoll
             ... wielding a +0 spear
             ... led by a gnoll shaman
              (4 damage)
             ... on level 5 of the Dungeon.
             The game lasted 00:07:36 (4293 turns).

siradein the Sneak (Ghoul Monk)                     Turns: 4293, Time: 00:07:37

Health: -2/68      AC:  4    Str: 17    XL:     8   Next: 10%
Magic:  9/9        EV: 13    Int:  8    God:    Makhleb [**....]
Gold:   70         SH:  5    Dex: 13    Spells: 7/7 levels left

rFire   + . .      SeeInvis .     - Unarmed
rCold   + . .      Faith    .   (no shield)
rNeg    + + +      Spirit   .   o - +2 robe "Ymexuh" {rF+ Int+3 Dex+2}
rPois   ∞          Reflect  +   (no helmet)
rElec   .          Harm     .   (no cloak)
rCorr   .          Rampage  .   (no gloves)
Will    .....                   (no boots)
Stlth   +++.......              m - amulet of reflection
HPRegen 0.00/turn               (no ring)
MPRegen 0.11/turn               (no ring)

@: inhibited regen
A: claws 1, cold resistance 1, negative energy resistance 3, inhibited
regeneration, torment resistance 2, devour on kill
a: Renounce Religion, Minor Destruction


You were on level 5 of the Dungeon.
You worshipped Makhleb.
Makhleb was pleased with you.
You visited 1 branch of the dungeon, and saw 5 of its levels.

You collected 220 gold pieces.
You spent 150 gold pieces at shops.

Inventory:

Missiles
 d - 214 stones
 h - 15 poisoned darts
Armour
 c - a +0 chain mail
 o - the +2 robe "Ymexuh" (worn) {rF+ Int+3 Dex+2}
   (You found it on level 4 of the Dungeon)

   Int:       It affects your intelligence (+3).
   Dex:       It affects your dexterity (+2).
   rF:        It protects you from fire.
Jewellery
 m - an amulet of reflection (around neck)
 n - a ring of fire
Wands
 q - a wand of digging (4)
Scrolls
 a - 2 scrolls of teleportation {unknown}
 g - 3 scrolls of magic mapping {unknown}
 i - 3 scrolls of identify {unknown}
 k - 3 scrolls of amnesia {unknown}
 r - a scroll of fear {unknown}
Potions
 b - a potion of ambrosia
 e - 2 potions of experience {unknown}
 f - 2 potions of curing {unknown}
 j - 2 potions of flight {unknown}
 l - a potion of berserk rage {unknown}
 p - 2 potions of degeneration {unknown}


   Skills:
 + Level 5.1 Fighting
 + Level 2.4 Armour
 + Level 4.1 Dodging
 * Level 6.2 Stealth
 + Level 5.0 Unarmed Combat
 + Level 3.0 Invocations


You had 7 spell levels left.
You didn't know any spells.
Your spell library contained the following spells:

 Spells                   Type           Power      Damage    Failure   Level
 Apportation              Tloc           0%         N/A       41%         1
 Shock                    Conj/Air       0%         1d3       41%         1
 Swiftness                Air            0%         N/A       78%         3
 Airstrike                Air            0%         N/A       99%         4
 Alistair's Intoxication  Tmut/Pois      0%         N/A       100%        5


Dungeon Overview and Level Annotations

Branches:
Dungeon (5/15)             Temple (0/1) D:5

Altars:
Fedhas
Makhleb
Trog
Yredelemnul

Shops:
D:4 *

Annotations:
D:3 1 runed translucent door, Crazy Yiuf


Innate Abilities, Weirdness & Mutations

You are immune to poison.
You have sharp fingernails.
Your flesh is cold resistant. (rC+)
You are immune to negative energy. (rN+++)
You do not regenerate when monsters are visible.
You are immune to unholy pain and torment.
You thrive by killing the living.


Message History

You completely miss the gnoll. Your claw misses the gnoll.
The gnoll is severely wounded.
The gnoll barely misses you. The gnoll hits you but does no damage.
The gnoll shouts!
You scratch the gnoll but do no damage.
The gnoll is severely wounded.
The gnoll barely misses you. You block the gnoll's attack.
You claw the gnoll!
You kill the gnoll!
Makhleb accepts your kill.
You feel better. The gnoll barely misses you.
Items here: )) [ †.
The gnoll hits you from afar with a +0 spear.
* * * LOW HITPOINT WARNING * * *
The gnoll hits you but does no damage. The gnoll closely misses you.
The gnoll barely misses you.
The gnoll throws a throwing net.
The throwing net completely misses you.
The gnoll throws a throwing net.
The throwing net barely misses you.
You see here a throwing net.
The gnoll hits you with a +0 spear.
* * * LOW HITPOINT WARNING * * *
You scratch the gnoll. You claw the gnoll, but do no damage.
The gnoll is heavily wounded.
The gnoll hits you from afar with a +0 spear!
* * * LOW HITPOINT WARNING * * *
The gnoll hits you but does no damage.
You barely miss the gnoll.
The gnoll is heavily wounded.
The gnoll closely misses you. The gnoll barely misses you.
You scratch the gnoll.
The gnoll is severely wounded.
The gnoll hits you with a +0 spear.
* * * LOW HITPOINT WARNING * * *
You block the gnoll's attack.
You scratch the gnoll.
The gnoll is almost dead.
The gnoll misses you. The gnoll hits you with a +0 spear.
You die...

#...##...##...##
#..........
.....##.##....##
#..#..#..#. #.
#..#.#..##..###..#..#..#.
.
#.....##.....).....#..#.
##.8.##...##.).....>....
#...#..#.##.#.###....#.
.......##.##.#.......##.
######.###.##.#####..###.
#..@gg...# #..# #.
#######..# #..# #. #..#
#..# #. #..# #g.# #. #g.#
#.g# #. #..# #..# #. #..#
#..# #.
##########..#####..###.
#..)....(#..........)..


You could see 2 gnolls.

Vanquished Creatures
  A black bear (D:4)
  An ice beast (D:5)
  An ogre (D:5)
  A phantom (D:3)
  2 hounds (D:4)
  A jelly (D:4)
  2 gnoll shamans (D:5)
  2 orc priests (D:4)
  3 iron imps
  An iguana (D:5)
  2 orc wizards (D:4)
  4 gnolls (D:5)
  9 adders
  A worm (D:2)
  8 dart slugs
  9 orcs
  6 endoplasms
  A giant cockroach (D:3)
  6 hobgoblins
  4 kobolds
  3 quokkas
  7 ball pythons
  4 bats
  2 frilled lizards (D:1)
  6 goblins
  4 rats
  A spectral orc (D:3)
92 creatures vanquished.

Notes
Turn   | Place    | Note
-------+----------+-------------------------------------------
     0 | D:1      | siradein the Ghoul Monk began the quest for the Orb.
     0 | D:1      | Reached XP level 1. HP: 19/19 MP: 0/0
   226 | D:1      | You fall into a shaft and drop 1 floor!
   269 | D:2      | Reached XP level 2. HP: 26/26 MP: 1/1
   353 | D:2      | Reached skill level 3 in Stealth
   367 | D:2      | Reached XP level 3. HP: 22/31 MP: 2/2
   824 | D:2      | Identified the +9 short sword of Fophum {spect, rPois rC+}
  1014 | D:2      | Reached XP level 4. HP: 35/40 MP: 3/3
  1274 | D:3      | Found a blossoming altar of Fedhas.
  1481 | D:3      | Found a burning altar of Makhleb.
  1593 | D:3      | Became a worshipper of Makhleb the Destroyer
  1593 | D:3      | Reached * piety under Makhleb
  1593 | D:3      | Reached ** piety under Makhleb
  1624 | D:3      | Reached XP level 5. HP: 24/46 MP: 4/4
  1835 | D:2      | Reached skill level 4 in Stealth
  1953 | D:3      | Reached skill level 1 in Armour
  1953 | D:3      | Reached skill level 1 in Invocations
  2269 | D:3      | Found a runed translucent door.
  2270 | D:3      | Noticed Crazy Yiuf
  2344 | D:3      | Found a basalt altar of Yredelemnul.
  2491 | D:4      | Noticed a phantom
  2500 | D:4      | Identified the +2 robe "Ymexuh" {rF+ Int+3 Dex+2}
  2556 | D:3      | Killed a phantom
  2557 | D:3      | Reached XP level 6. HP: 27/52 MP: 4/6
  3037 | D:4      | Reached skill level 5 in Stealth
  3329 | D:4      | Reached XP level 7. HP: 21/60 MP: 7/7
  3636 | D:4      | Found Hiecw's Assorted Antiques.
  3672 | D:4      | Bought a steel ring for 150 gold pieces
  3767 | D:4      | Found a bloodstained altar of Trog.
  3999 | D:5      | Entered Level 5 of the Dungeon
  4041 | D:5      | Found a staircase to the Ecumenical Temple.
  4098 | D:5      | Reached skill level 5 in Fighting
  4098 | D:5      | Reached skill level 6 in Stealth
  4185 | D:5      | Reached skill level 5 in Unarmed Combat
  4185 | D:5      | Reached XP level 8. HP: 47/68 MP: 9/9
  4292 | D:5      | HP: 2/68 [gnoll/+0 spear[a gnoll shaman] (4)]
  4293 | D:5      | Slain by a gnoll

Illustrated notes

Levels and vault maps discovered:
D:1:      minmay_arrival_diagonal_passages, layout_basic
D:2:      layout_loops_ring, minmay_goblin_kobold_house
D:3:      layout_basic, demons_altar, mainiacjoe_overflow_surrounded_room,
          yredelemnul_forgotten_temple_becter, uniq_crazy_yiuf_cottage
D:4:      minmay_angry_zag, layout_cave_pools, mainiacjoe_overflow_chevrons,
          serial_shops, shop_statue, nicolae_concentric_dashed_squares_wild,
          minmay_misc_feat_diagonals, minmay_hedge_maze
D:5:      layout_loops_ring, nzn_wu_jian_council_hall,
          minmay_temple_entry_waves, enter_ossuary_1

Skill      XL: |  1  2  3  4  5  6  7  8 |
---------------+-------------------------+-----
Stealth        | 3 4 5 6 |  6.2
Dodging        | 3 4 |  4.1
Fighting       | 4 5 |  5.1
Unarmed Combat | 4 5 |  5.0
Armour         | 1 2 |  2.4
Invocations    | 1 2 3 |  3.0

Action                   |  1- 3 |  4- 6 |  7- 9 || total
-------------------------+-------+-------+-------++-------
Melee: Unarmed           |   106 |   181 |   114 ||   401
       Punch             |     3 |     2 |     6 ||    11
Invok: Minor Destruction |       |     4 |       ||     4
 Stab: Sleeping          |       |       |     2 ||     2
Armor: Chain mail        |    55 |   104 |    16 ||   175
       Robe              |       |       |    14 ||    14
Dodge: Dodged            |    37 |    63 |    47 ||   147
Block: Other             |       |     1 |    23 ||    24

Table legend: (Time is in decaauts)
 A = Elapsed time spent in this place.
 B = Non-inter-level travel time spent in this place.
 C = Inter-level travel time spent in this place.
 D = Time resting spent in this place.
 E = Time spent auto-exploring this place.
 F = Levels seen in this place.
 G = Mean time per level.
                   A        B        C        D        E       F      G
               +--------+--------+--------+--------+--------+-----+--------+
         Total |   4268 |   4182 |     86 |    788 |   2222 |   5 |  853.6 |
       Dungeon |   4268 |   4182 |     86 |    788 |   2222 |   5 |  853.6 |
               +--------+--------+--------+--------+--------+-----+--------+

Top non-repeatable levels by time:
     D:3: 1316 daAuts
     D:2: 1279 daAuts
     D:4: 1161 daAuts
     D:5: 286 daAuts
     D:1: 225 daAuts
